 Dungeon Crawl Stone Soup version 0.22-a0-284-g99d1f74 (webtiles) character file.

1071 Auros the Grappler (level 8, -9/74 HPs)
             Began as a Troll Monk on Mar 21, 2018.
             Mangled by an orc warrior
             ... wielding a +0 halberd
              (16 damage)
             ... on level 5 of the Dungeon.
             The game lasted 00:21:55 (4352 turns).

Auros the Grappler (Troll Monk)                     Turns: 4352, Time: 00:21:56

Health: -9/74      AC:  7    Str: 25    XL:     8   Next: 7%
Magic:  7/7        EV: 16    Int:  6    God:
Gold:   304        SH:  0    Dex: 18    Spells: 6/7 levels left

rFire    + + .     SeeInvis .     - Unarmed
rCold    . . .     Gourm    +   (no shield)
rNeg     . . .     Faith    .   x - +2 robe {MR+}
rPois    +         Spirit   .   (helmet restricted)
rElec    +         Reflect  .   (no cloak)
rCorr    +         Harm     .   (gloves unavailable)
MR       +....                  (boots unavailable)
Stlth    +++.......             (no amulet)
HPRegen  0.62/turn              h - ring of fire
MPRegen  0.10/turn              y - +4 ring of strength (curse)

@: agile, resistant
A: large, unfitting armour, claws 3, fast metabolism 3, gourmand, regeneration
1, shaggy fur 1, tough skin 2
a: no special abilities


You were on level 5 of the Dungeon.
You were very full.

You visited 1 branch of the dungeon, and saw 5 of its levels.

You collected 304 gold pieces.

Inventory:

Hand Weapons
 s - a +0 flail
 v - a +2 vampiric trident
 A - a +0 giant club
Missiles
 c - 49 sling bullets
 p - 15 poisoned needles
Armour
 a - a +0 robe
 k - a +0 robe of magic resistance
 x - a +2 robe of magic resistance (worn)
Jewellery
 h - a ring of fire (left claw)
 y - a cursed +4 ring of strength (right claw)
Wands
 u - a wand of paralysis (9)
 B - a wand of random effects (27)
Scrolls
 d - a scroll of enchant armour {unknown}
 f - a scroll of amnesia {unknown}
 g - 7 scrolls of remove curse
 l - 4 scrolls of teleportation {unknown}
 m - a scroll of noise {unknown}
 n - 2 scrolls of fog {unknown}
 o - 2 scrolls of blinking {unknown}
 t - 3 scrolls of identify {unknown}
Potions
 e - 2 potions of curing
 i - 2 potions of agility
 q - a potion of lignification {unknown}
 r - a potion of brilliance {unknown}
 w - a potion of might {unknown}
Comestibles
 b - 13 rations


   Skills:
 * Level 2.6 Fighting
 * Level 2.6 Dodging
 - Level 1.0 Stealth
 + Level 9.7 Unarmed Combat


You had 6 spell levels left.
You knew the following spells:

 Your Spells              Type           Power        Failure   Level  Hunger
a - Confusing Touch       Hex            #.....       45%         1    ##.....


Dungeon Overview and Level Annotations

Branches:
Dungeon (5/15)
 Temple: D:4-7

Altars:
Ashenzari
Fedhas
Nemelex Xobeh


Innate Abilities, Weirdness & Mutations

You are too large for most types of armour.
You have claws for hands.
Your metabolism is lightning-fast.
You like to eat raw meat.
Your natural rate of healing is unusually fast.
You are covered in fur. (AC +1)
You have very tough skin. (AC +2)


Message History

The centaur hits you but does no damage.
The orc warrior hits you from afar with a halberd!
* * * LOW HITPOINT WARNING * * *
The centaur hits you but does no damage.
Okay, then.
Evoke which item? (* to show all) (? for menu, Esc to quit)
Okay, then.
Evoke which item? (* to show all) (? for menu, Esc to quit)
Aiming: Random Effects
Press: ? - help, Shift-Dir - straight line, f - centaur
Aim: a centaur The centaur resists with significant effort.
The orc warrior barely misses you. The centaur completely misses you.
Sorry, you're not good enough to have a special ability.
Okay, then.
It was a potion of resistance.
You feel protected. The centaur closely misses you.
The orc warrior hits you from afar with a halberd!
You die...

#######.##..##≈≈≈..≈≈≈###
##
.....##.##.##≈≈≈≈..≈≈≈≈##
#
####.##...##≈≈≈≈≈((≈≈≈≈≈#
###### ##
#.######≈≈≈≈≈≈..≈≈≈≈≈≈
#..... .###.#
#≈≈≈≈≈≈≈..≈≈≈≈≈≈ #.##..
..##.# ≈≈≈≈≈≈≈≈(.≈≈≈≈≈≈
#.....
.###.####≈≈≈≈≈≈≈≈..≈≈≈≈≈≈
#..#..
........#≈≈≈≈≈≈≈♣(o♣≈≈≈≈≈
#..#..
.....####≈≈≈≈≈≈≈@...≈≈≈≈≈
#..### ######
≈≈≈≈≈≈≈c...≈≈≈≈≈ #..# # #
≈≈≈≈≈≈≈♣?)♣≈≈≈≈≈ #..### #
≈≈≈≈≈≈≈≈≈≈≈≈≈≈≈≈ #..... #
≈≈≈≈≈≈≈≈≈≈≈≈≈≈≈≈ ###### #
#≈≈≈≈≈≈≈≈≈≈≈≈≈≈≈ #######
#
##≈≈≈≈≈≈≈≈≈≈≈≈≈≈##......
############≈≈≈≈
≈≈≈≈≈≈≈##..#####
##.........## #.†....##


You could see an orc warrior and a centaur.

Vanquished Creatures
  Sigmund (D:2)
  A sky beast (D:3)
  An ogre (D:5)
  A scorpion (D:4)
  A crimson imp (D:4)
  A bullfrog zombie (D:5)
  A jelly (D:5)
  3 orc priests
  9 orc wizards
  Natasha (D:2)
  3 worker ants
  5 adders
  5 worms
  A dart slug (D:2)
  3 leopard geckos
  19 orcs
  2 ball pythons
  9 bats
  6 giant cockroaches
  8 goblins
  11 hobgoblins
  5 jackals
  8 kobolds
  3 quokkas
  3 frilled lizards
  A quokka zombie (D:5)
  9 rats
121 creatures vanquished.

Notes
Turn   | Place    | Note
-------+----------+-------------------------------------------
     0 | D:1      | Auros the Troll Monk began the quest for the Orb.
     0 | D:1      | Reached XP level 1. HP: 22/22 MP: 0/0
    55 | D:1      | Reached XP level 2. HP: 29/29 MP: 1/1
   307 | D:1      | Reached skill level 4 in Unarmed Combat
   656 | D:2      | Reached XP level 3. HP: 36/36 MP: 2/2
   881 | D:2      | Noticed Sigmund
   887 | D:2      | Killed Sigmund
   887 | D:2      | Reached skill level 6 in Unarmed Combat
   887 | D:2      | Reached XP level 4. HP: 40/44 MP: 3/3
   887 | D:2      | Reached XP level 5. HP: 46/50 MP: 4/4
  1287 | D:2      | Noticed Natasha
  1306 | D:2      | Killed Natasha
  1606 | D:3      | Reached XP level 6. HP: 50/59 MP: 5/5
  1933 | D:3      | Noticed a sky beast
  1947 | D:3      | Killed a sky beast
  1947 | D:3      | Reached skill level 7 in Unarmed Combat
  2893 | D:4      | Reached skill level 8 in Unarmed Combat
  2893 | D:4      | Reached XP level 7. HP: 35/66 MP: 6/6
  3577 | D:5      | Entered Level 5 of the Dungeon
  3612 | D:5      | Reached skill level 9 in Unarmed Combat
  3812 | D:5      | Reached XP level 8. HP: 74/74 MP: 7/7
  3820 | D:5      | Learned a level 1 spell: Confusing Touch
  3848 | D:5      | Found a blossoming altar of Fedhas.
  3850 | D:5      | Found a shattered altar of Ashenzari.
  3851 | D:5      | Found a sparkling altar of Nemelex Xobeh.
  4352 | D:5      | Mangled by an orc warrior

Vault maps used:
D:1:      nzn_arrival_crosshair
D:2:      uniq_sigmund, uniq_natasha
D:3:      minivault_11
D:4:      first_ration
D:5:      kennysheep_big_flooded_room, gammafunk_temple_overflow_forgotten

Skill      XL: |  1  2  3  4  5  6  7 |
---------------+----------------------+-----
Unarmed Combat | 4 6 8 9 |  9.7
Fighting       | |  2.6
Dodging        | |  2.6
Stealth        | |  1.0

Action                   |  1- 3 |  4- 6 |  7- 9 || total
-------------------------+-------+-------+-------++-------
Melee: Unarmed           |    83 |   130 |    82 ||   295
       Punch             |     4 |     4 |     6 ||    14
Evoke: Wand              |       |       |     1 ||     1
  Use: Scroll            |       |     1 |       ||     1
       Potion            |       |       |     3 ||     3
 Stab: Sleeping          |       |     3 |     4 ||     7
  Eat: Chunk             |     3 |    19 |    18 ||    40
       Ration            |     1 |       |       ||     1
Armor: Robe              |    24 |    28 |    28 ||    80
Dodge: Dodged            |    56 |    60 |    34 ||   150

Table legend:
 A = Spawn XP
 B = Non-spawn XP
 C = Spawn XP percentage of total XP
 D = Spawn monster count
 E = Non-spawn monster count
 F = Spawn count percentage of total count
 G = Total turns spent on level
                    A         B        C        D         E        F      G
               +---------+---------+-------+---------+---------+-------+---------
         Total |       0 |    1531 |   0.0 |       0 |     121 |   0.0 |  4352
               +---------+---------+-------+---------+---------+-------+---------
           D:1 |       0 |      36 |   0.0 |       0 |      21 |   0.0 |   587
           D:2 |       0 |     328 |   0.0 |       0 |      31 |   0.0 |  1038
           D:3 |       0 |     251 |   0.0 |       0 |      22 |   0.0 |  1221
           D:4 |       0 |     453 |   0.0 |       0 |      27 |   0.0 |   731
           D:5 |       0 |     463 |   0.0 |       0 |      20 |   0.0 |   775
               +---------+---------+-------+---------+---------+-------+---------
